 Dungeon Crawl Stone Soup version 0.27-a0-1532-gca18f49f40 (webtiles) character file.

Game seed: 10454324285295209703

1236 Tocho the Slasher (level 8, -6/68 HPs)
             Began as a Black Draconian Berserker on July 12, 2021.
             Mangled by a polar bear (24 damage)
             ... created by the rage of Trog
             ... on level 5 of the Dungeon.
             The game lasted 00:14:54 (6492 turns).

Tocho the Slasher (Black Draconian Berserker)       Turns: 6492, Time: 00:14:55

Health: -6/68      AC:  6    Str: 21    XL:     8   Next: 24%
Magic:  8/8        EV: 14    Int:  7    God:
Gold:   175        SH:  0    Dex: 12    Spells: 7/7 levels left

rFire    . . .     SeeInvis .   a - +1 falchion
rCold    . . .     Faith    .   (no shield)
rNeg     . . .     Spirit   .   (armour unavailable)
rPois    .         Reflect  .   (helmet restricted)
rElec    +         Harm     .   (no cloak)
rCorr    .         Rampage  .   (no gloves)
Will     .....                  (no boots)
Stlth    ++........             (no amulet)
HPRegen  0.21/turn              (no ring)
MPRegen  0.11/turn              (no ring)

@: mighty, short of breath
A: breathe lightning, AC +6, unfitting armour, electricity resistance,
cold-blooded
a: Breathe Lightning


You were on level 5 of the Dungeon.
You visited 1 branch of the dungeon, and saw 5 of its levels.
You also visited: Sewer.

You collected 175 gold pieces.

Inventory:

Hand Weapons
 a - a +1 falchion (weapon)
Missiles
 m - 4 boomerangs of dispersal (quivered)
 o - 11 sling bullets
 q - a throwing net
Jewellery
 l - an amulet of magic regeneration
 s - a +6 ring of dexterity
Scrolls
 c - 2 scrolls of teleportation
 d - 3 scrolls of fog
 n - a scroll of enchant weapon
Potions
 b - 2 potions of curing
 e - 2 potions of attraction {unknown}
 f - a potion of might
 g - a potion of heal wounds {unknown}
 h - 4 potions of haste {unknown}
 i - 2 potions of flight {unknown}
 j - a potion of mutation {unknown}
 k - a potion of degeneration {unknown}
 p - a potion of brilliance {unknown}
 r - a potion of ambrosia {unknown}
 u - a potion of invisibility {unknown}


   Skills:
 + Level 5.0 Fighting
 * Level 7.8 Long Blades
 * Level 5.8 Dodging
 - Level 1.3 Stealth


You had 7 spell levels left.
You didn't know any spells.
Your spell library contained the following spells:

 Spells                   Type           Power      Damage    Failure   Level
 Sublimation of Blood     Necr           0%         N/A       56%         2
 Wereblood                Tmut           0%         N/A       56%         2
 Summon Hydra             Summ           0%         N/A       100%        7


Dungeon Overview and Level Annotations

Branches:
Dungeon (5/15)              Sewer (visited)
 Temple: D:4-7

Altars:
Yredelemnul


Innate Abilities, Weirdness & Mutations

You can breathe wild blasts of lightning.
Your glossy black scales are hard. (AC +6)
You cannot fit into any form of body armour.
You are resistant to electric shocks. (rElec)
You are cold-blooded and may be slowed by cold attacks.


Message History

The polar bear barely misses you. x2
The polar bear barely misses you. The polar bear closely misses you.
The polar bear barely misses you.
You fail to use your ability.
The polar bear barely misses you.
You riposte.
You slash the polar bear!
The polar bear is lightly wounded.
The polar bear claws you.
* * * LOW HITPOINT WARNING * * *
The polar bear misses you.
Unknown command.
You breathe a wild blast of lightning!
The orb of electricity explodes!
The orb of electricity engulfs you. You resist.
* * * LOW HITPOINT WARNING * * *
The orb of electricity engulfs the polar bear!
The polar bear is moderately wounded.
The orb of electricity engulfs the polar bear!!
The polar bear is moderately wounded.
The polar bear closely misses you. x2; The polar bear misses you.
The polar bear barely misses you.
You riposte.
You hit the polar bear but do no damage.
The polar bear is moderately wounded.
The polar bear claws you.
* * * LOW HITPOINT WARNING * * *
The polar bear barely misses you.
You feel better.
The black bear rages.
The polar bear misses you.
The polar bear claws you but does no damage.
The polar bear closely misses you.
You feel very mighty all of a sudden. The polar bear misses you.
The polar bear claws you.
* * * LOW HITPOINT WARNING * * *
The polar bear claws you but does no damage.
The polar bear barely misses you.
The polar bear claws you but does no damage.
The polar bear misses you.
You closely miss the polar bear.
The polar bear is moderately wounded.
The polar bear bites you!!
You die...

.##....##.....#.........#
..#....######.#.###.....#
..#....##.#...#...#.....#
.##.......#.#####.#.....#
>##....##.#.......#.....#
.##....##.#.#####.#.....#
.#.....####...#...#.....#
.#.....#..###.#.###h....#
.#.....+......#.@hhh....#
########..#########.....#
#.............#...#.....#
#.............'...#.....#
#.............#...#.....#
#.............#...#.....#
#.......#######...#.....#
...#'####.....#...#.....#
####..........#...#.....#


You could see 2 polar bears and 2 black bears.

Vanquished Creatures
  Purgy (Sewer)
  A necrophage (D:5)
  A phantom (D:2)
  A kobold brigand (D:4)
  A water moccasin zombie (D:5)
  A water moccasin skeleton (D:5)
  A vampire bat (D:3)
  2 hounds
  A jelly (D:5)
  A centaur skeleton (D:4)
  A gnoll shaman (D:4)
  2 orc priests
  An iguana (D:5)
  4 orc wizards
  A hound zombie (D:5)
  13 gnolls
  A howler monkey skeleton (D:5)
  10 adders
  3 river rats (D:4)
  A white imp (D:3)
  2 ufetubi
  4 worms
  21 orcs
  15 bats
  7 endoplasms
  5 giant cockroaches
  7 goblins
  4 hobgoblins
  13 jackals
  6 kobolds
  3 quokkas
  5 ball pythons
  7 frilled lizards
  7 rats
154 creatures vanquished.

Notes
Turn   | Place    | Note
-------+----------+-------------------------------------------
     0 | D:1      | Tocho the Draconian Berserker began the quest for the Orb.
     0 | D:1      | Reached XP level 1. HP: 19/19 MP: 1/1
     7 | D:1      | Found a faded altar of an unknown god.
   361 | D:1      | Reached XP level 2. HP: 24/26 MP: 2/2
   958 | D:2      | Reached XP level 3. HP: 31/31 MP: 3/3
  1159 | D:2      | Reached ** piety under Trog
  1162 | D:2      | Noticed a phantom
  1168 | D:2      | Killed a phantom
  1169 | D:2      | Reached skill level 4 in Long Blades
  1169 | D:2      | Reached XP level 4. HP: 40/40 MP: 4/4
  1529 | D:2      | Reached XP level 5. HP: 46/46 MP: 5/5
  2071 | D:3      | Reached skill level 5 in Long Blades
  2463 | D:3      | Reached *** piety under Trog
  2982 | D:3      | Reached XP level 6. HP: 52/52 MP: 6/6
  3301 | D:3      | Reached skill level 1 in Stealth
  3455 | D:4      | Found a glowing drain.
  3638 | Sewer    | Entered a sewer
  3687 | Sewer    | Noticed Purgy
  3700 | Sewer    | Killed Purgy
  3701 | Sewer    | Reached skill level 6 in Long Blades
  3701 | Sewer    | Your scales start taking on a glossy black colour.
  3701 | Sewer    | Reached XP level 7. HP: 60/60 MP: 7/7
  3701 | Sewer    | Gained mutation: You are resistant to electric shocks.
                  | (rElec) [Black Draconian growth]
  4028 | D:4      | Reached skill level 5 in Dodging
  4366 | D:4      | Reached **** piety under Trog
  4446 | D:4      | Reached skill level 7 in Long Blades
  5127 | D:5      | Entered Level 5 of the Dungeon
  5154 | D:5      | Reached XP level 8. HP: 35/66 MP: 8/8
  5349 | D:5      | Found a basalt altar of Yredelemnul.
  5686 | D:5      | Fell from the grace of Trog
  5815 | D:5      | Reached skill level 5 in Fighting
  5880 | D:5      | Noticed a hornet
  5886 | D:5      | Paralysed by a hornet for 2 turns
  5891 | D:5      | Paralysed by a hornet for 3 turns
  6021 | D:4      | Paralysed by Trog for 6 turns
  6458 | D:5      | Paralysed by Trog for 6 turns
  6475 | D:5      | Noticed a polar bear
  6475 | D:5      | Noticed a polar bear
  6492 | D:5      | Mangled by a polar bear

Illustrated notes

Levels and vault maps discovered:
D:1:      mushboom_english_gardens, layout_basic,
          hellmonk_ecumenical_altar_pennies_from_heaven,
          minmay_stone_trees_small
D:2:      layout_basic
D:3:      layout_basic, grunt_ministairs_2, roderic_batcave
D:4:      layout_loops_ring, lightli_sewer_entry_pipes,
          kennysheep_generic_room_15
D:5:      layout_gridville, yredelemnul_altar_generic,
          minmay_misc_feat_ornament, minmay_misc_feat_five, eino_tiny_chamber,
          minmay_tree_intersection, chequers_serial_rivers_small_b,
          minmay_misc_feat_diagonals

Skill      XL: |  1  2  3  4  5  6  7  8 |
---------------+-------------------------+-----
Dodging        | 3 4 5 |  5.8
Long Blades    | 4 5 6 7 |  7.8
Fighting       | 4 5 |  5.0
Stealth        | 1 |  1.3

Action                   |  1- 3 |  4- 6 |  7- 9 || total
-------------------------+-------+-------+-------++-------
Melee: Falchion          |    82 |   232 |   191 ||   505
       Tailslap          |    11 |    25 |    41 ||    77
Invok: Berserk           |     2 |     7 |     3 ||    12
       Trog's Hand       |       |     2 |     2 ||     4
       Renounce Religion |       |       |     1 ||     1
 Abil: Breathe Lightning |       |       |     5 ||     5
  Use: Scroll            |       |     3 |     7 ||    10
       Potion            |       |       |     4 ||     4
Armor: Skin              |    42 |    84 |    72 ||   198
Dodge: Dodged            |    80 |   159 |   138 ||   377
       Rpst.: Falchion   |    27 |    47 |    37 ||   111

Table legend: (Time is in decaauts)
 A = Elapsed time spent in this place.
 B = Non-inter-level travel time spent in this place.
 C = Inter-level travel time spent in this place.
 D = Time resting spent in this place.
 E = Time spent auto-exploring this place.
 F = Levels seen in this place.
 G = Mean time per level.
                   A        B        C        D        E       F      G
               +--------+--------+--------+--------+--------+-----+--------+
         Total |   6672 |   6405 |    267 |   1322 |   3861 |   6 | 1112.0 |
       Dungeon |   6504 |   6237 |    267 |   1322 |   3859 |   5 | 1300.8 |
         Sewer |    167 |    167 |      0 |      0 |      2 |   1 |  167.0 |
               +--------+--------+--------+--------+--------+-----+--------+

Top non-repeatable levels by time:
     D:4: 2091 daAuts
     D:3: 1535 daAuts
     D:5: 982 daAuts
     D:2: 966 daAuts
     D:1: 929 daAuts
   Sewer: 167 daAuts
